 Dungeon Crawl Stone Soup version 0.27.1-34-g3ba077fa99 (webtiles) character file.

Game seed: 12665738036649088611

2990 Fek the Basher (level 9, -6/56 HPs)
             Began as a Gargoyle Berserker on Jan 3, 2022.
             Was a Priest of Trog.
             Mangled by Joseph (13 damage)
             ... on level 7 of the Dungeon.
             The game lasted 00:16:36 (8014 turns).

Fek the Basher (Gargoyle Berserker)                 Turns: 8014, Time: 00:16:36

Health: -6/56      AC: 19    Str: 24    XL:     9   Next: 83%
Magic:  9/9        EV: 11    Int:  8    God:    Trog [***...]
Gold:   234        SH:  0    Dex:  9    Spells: 8/8 levels left

rFire    . . .     SeeInvis .   a - +0 mace
rCold    . . .     Faith    .   (no shield)
rNeg     + . .     Spirit   .   u - +4 ring mail {Will+}
rPois    ∞         Reflect  .   m - +0 helmet
rElec    +         Harm     .   k - scarf {+Inv}
rCorr    .         Rampage  .   o - +0 pair of gloves
Will     +++..                  (no boots)
Stlth    ++........             h - amulet of the acrobat
HPRegen  1.18/turn              (no ring)
MPRegen  0.11/turn              (no ring)

@: strong-willed, on berserk cooldown, regenerating, slowed, very slow
A: sickness immunity, AC +6, negative energy resistance 1, electricity
resistance, torment resistance 1, petrification resistance
a: Renounce Religion, Evoke Invisibility, Berserk, Trog's Hand


You were on level 7 of the Dungeon.
You worshipped Trog.
Trog was most pleased with you.
You visited 1 branch of the dungeon, and saw 7 of its levels.
You also visited: Sewer.

You collected 402 gold pieces.
You spent 168 gold pieces at shops.

Inventory:

Hand Weapons
 a - a +0 mace (weapon)
 p - a +3 dire flail of protection
Missiles
 s - 2 throwing nets (quivered)
Armour
 k - a scarf of invisibility (worn)
 m - a +0 helmet (worn)
 o - a +0 pair of gloves (worn)
 u - a +4 ring mail of willpower (worn)
 z - a +1 cloak of stealth
Jewellery
 h - an amulet of the acrobat (around neck)
Wands
 y - a wand of flame (19)
Scrolls
 b - a scroll of silence {unknown}
 c - 2 scrolls of noise
 e - 7 scrolls of identify
 f - 2 scrolls of brand weapon
 l - 2 scrolls of summoning {unknown}
 r - a scroll of teleportation {unknown}
 t - a scroll of enchant weapon {unknown}
 w - a scroll of enchant armour {unknown}
 x - a scroll of fog
Potions
 d - 2 potions of might {unknown}
 g - 5 potions of curing
 i - 2 potions of haste {unknown}
 j - 3 potions of heal wounds {unknown}
 n - a potion of magic {unknown}
 q - a potion of invisibility {unknown}
 v - a potion of brilliance {unknown}


   Skills:
 * Level 6.6 Fighting
 * Level 9.7 Maces & Flails
 * Level 6.2 Armour
 + Level 3.5 Dodging
 * Level 5.2 Stealth


You had 8 spell levels left.
You didn't know any spells.
Your spell library was empty.

Dungeon Overview and Level Annotations

Branches:
Dungeon (7/15)             Temple (0/1) D:4           Sewer (visited)

Altars:
Cheibriados
Trog
The Shining One

Shops:
D:2 (   D:5 *   D:6 [

Annotations:
D:7 Dowan, Joseph


Innate Abilities, Weirdness & Mutations

You are immune to sickness and miasma.
Your stone body is resilient. (AC +6)
You are immune to poison.
You resist negative energy. (rN+)
You are resistant to electric shocks. (rElec)
You are resistant to unholy torment.
You are immune to petrification.


Message History

You feel yourself slow down. Something hits you but does no damage.
You hit Joseph.
Joseph is lightly wounded.
Something hits you. Something hits you but does no damage.
Joseph unwields a +0 hunting sling.
Joseph wields a +0 quarterstaff.
Joseph hits you but does no damage. Joseph hits you with a +0 quarterstaff!
You hit Joseph.
Joseph is lightly wounded.
Something hits you but does no damage. Something hits you.
Joseph closely misses you. Something hits you but does no damage.
You barely miss Joseph.
Joseph is lightly wounded.
Something hits you but does no damage. Joseph hits you but does no damage.
You hit Joseph.
Joseph is lightly wounded.
Something hits you. Joseph hits you but does no damage.
Joseph hits you with a +0 quarterstaff. Something hits you but does no damage.
You hit Joseph.
Joseph is lightly wounded.
Something hits you but does no damage. Joseph hits you but does no damage.
You closely miss Joseph.
Joseph is lightly wounded.
Something hits you but does no damage. Joseph hits you but does no damage.
Joseph hits you with a +0 quarterstaff.
You hit Joseph.
Joseph is moderately wounded.
Something hits you but does no damage. Joseph closely misses you.
You hit Joseph.
Joseph is moderately wounded.
Something hits you.
* * * LOW HITPOINT WARNING * * *
Joseph hits you with a +0 quarterstaff.
* * * LOW HITPOINT WARNING * * *
A centaur comes into view.
Your skin crawls.
You feel strong-willed. Something hits you!
* * * LOW HITPOINT WARNING * * *
Joseph hits you but does no damage. Joseph hits you with a +0 quarterstaff!
You die...

........$............##.. #
...#...............(....# #
#......................####
#.#..........#...#.....#..:
....!........#######......##
....#..........###......####
....#.......{###.###........
... #.#....{..#...#.......##
#.#...{@#..$#.......#...
......@###.###......###.
#..#..... ###........# #.
..##...###.###.#..### #.
#....#...#..#..# #.
.#..#......?##.... ..
.......<[...##..###
c####............
#...)..........


You could see Joseph and a centaur (wandering).

Vanquished Creatures
  Edmund (D:5)
  Duvessa (D:7)
  3 water moccasins (D:6)
  An ice beast (D:6)
  A black bear (D:4)
  3 ogres (D:5)
  A necrophage (D:2)
  A phantom (D:6)
  The ghost of hilljack the Conjurer, an amateur HuCj (D:4)
  A kobold brigand (Sewer)
  2 gnoll sergeants
  2 scorpions
  3 bullfrogs (D:6)
  A water moccasin zombie (D:6)
  2 centaur zombies
  2 bullfrog zombies (D:5)
  2 jellies
  An orc priest (D:6)
  4 hounds
  A centaur skeleton (D:4)
  A gnoll shaman (D:6)
  5 iguanas
  2 orc wizards
  3 killer bee zombies
  A hound skeleton (D:5)
  A howler monkey zombie (D:7)
  10 gnolls
  7 adders
  A river rat (D:4)
  A shadow imp (D:7)
  A white imp (D:6)
  A dart slug (D:2)
  15 orcs
  6 endoplasms
  3 giant cockroaches
  5 goblins
  3 hobgoblins
  4 quokkas
  13 ball pythons
  5 bats
  2 frilled lizards
  5 kobolds
  5 rats
134 creatures vanquished.

Vanquished Creatures (others)
  4 plants (D:4)
4 creatures vanquished.

Grand Total: 138 creatures vanquished

Notes
Turn   | Place    | Note
-------+----------+-------------------------------------------
     0 | D:1      | Fek the Gargoyle Berserker began the quest for the Orb.
     0 | D:1      | Reached XP level 1. HP: 14/14 MP: 1/1
   548 | D:1      | Reached XP level 2. HP: 20/20 MP: 2/2
  1519 | D:2      | Reached XP level 3. HP: 19/24 MP: 3/3
  1641 | D:2      | Found Baoriren's Weapon Emporium.
  1942 | D:2      | Noticed a necrophage
  1948 | D:2      | Killed a necrophage
  1949 | D:2      | Reached skill level 4 in Maces & Flails
  1949 | D:2      | Reached skill level 1 in Stealth
  1949 | D:2      | Reached XP level 4. HP: 29/29 MP: 4/4
  1949 | D:2      | Reached XP level 5. HP: 33/33 MP: 5/5
  3067 | D:4      | Found a glowing drain.
  3081 | Sewer    | Entered a sewer
  3099 | Sewer    | Noticed a kobold brigand
  3111 | Sewer    | Killed a kobold brigand
  3114 | Sewer    | Reached XP level 6. HP: 9/39 MP: 6/6
  3385 | Sewer    | Reached ** piety under Trog
  3790 | D:4      | Noticed a black bear
  3799 | D:4      | Killed a black bear
  3800 | D:4      | Reached skill level 5 in Maces & Flails
  3919 | D:4      | Found a runed translucent door.
  3920 | D:4      | Noticed hilljack's ghost (amateur HuCj)
  3934 | D:4      | Killed hilljack's ghost
  4123 | D:4      | Reached XP level 7. HP: 27/44 MP: 7/7
  4343 | D:4      | Found a staircase to the Ecumenical Temple.
  4671 | D:5      | Entered Level 5 of the Dungeon
  5098 | D:5      | Reached skill level 5 in Fighting
  5098 | D:5      | Reached skill level 6 in Maces & Flails
  5376 | D:5      | Reached XP level 8. HP: 46/49 MP: 8/8
  5461 | D:5      | Found Huvoxor's Assorted Antiques.
  5466 | D:5      | Bought a runed ring mail for 168 gold pieces
  5484 | D:5      | Noticed Edmund
  5508 | D:5      | Killed Edmund
  5533 | D:5      | Reached skill level 5 in Armour
  5718 | D:5      | Reached skill level 7 in Maces & Flails
  6125 | D:6      | Found Dueddoinarch's Antique Armour Boutique.
  6197 | D:6      | Found a glowing golden altar of the Shining One.
  6368 | D:6      | Reached skill level 8 in Maces & Flails
  6371 | D:6      | Reached *** piety under Trog
  6372 | D:6      | Reached XP level 9. HP: 54/55 MP: 9/9
  6748 | D:6      | Found a bloodstained altar of Trog.
  7124 | D:7      | Found a snail-covered altar of Cheibriados.
  7154 | D:7      | Reached skill level 9 in Maces & Flails
  7202 | D:7      | Noticed Dowan
  7393 | D:7      | Noticed Duvessa
  7400 | D:7      | Reached skill level 5 in Stealth
  7404 | D:7      | Noticed Joseph
  7407 | D:7      | Killed Duvessa
  8014 | D:7      | Mangled by Joseph

Illustrated notes

Levels and vault maps discovered:
D:1:      erik_arrival_blinker_ship, layout_basic, serial_bayou,
          serial_bayou_lagoon_a, serial_bayou_pond_a, serial_bayou_pond_e,
          serial_bayou_shore_b, minivault_23, minmay_misc_feat_square
D:2:      layout_basic, serial_corexii_hall, corexii_hall_statues_x,
          chequers_hall_statues_corner_a, corexii_hall_statues_i,
          corexii_hall_statues_i, serial_shops, shop, guppyfry_early_lair_pool
D:3:      layout_basic
D:4:      layout_basic, minmay_temple_entry_gardened_gates,
          portal_sewer_entry_b, ebering_ghost_reflecting_pool
D:5:      minmay_spotlight, layout_loops_ring, serial_shops, shop,
          serial_park_tiny_1, roderic_lattice_a, kennysheep_big_empty_room,
          uniq_edmund
D:6:      minmay_general_purpose_star, layout_loops_corners,
          trog_three_pillars_becter, lemuel_tele_altar, minmay_misc_feat_room,
          nicolae_stop_n_shop_2, chequers_garden
D:7:      layout_rooms, mainiacjoe_overflow_alcove_1,
          yredelemnul_forgotten_temple_becter, chequers_serial_rivers_large_a,
          mrwooster_statue_mirror, minmay_between, uniq_duvessa, uniq_joseph,
          uniq_crazy_yiuf_cottage

Skill      XL: |  1  2  3  4  5  6  7  8  9 |
---------------+----------------------------+-----
Dodging        | 2 3 |  3.5
Fighting       | 4 5 6 |  6.6
Maces & Flails | 4 5 6 8 9 |  9.7
Stealth        | 1 2 3 4 5 |  5.2
Armour         | 3 4 5 6 |  6.2

Action                   |  1- 3 |  4- 6 |  7- 9 || total
-------------------------+-------+-------+-------++-------
Melee: Mace              |    69 |   107 |   142 ||   318
       Dire flail        |       |       |   195 ||   195
Invok: Berserk           |     1 |     2 |    10 ||    13
       Trog's Hand       |       |       |     1 ||     1
  Use: Scroll            |       |     3 |       ||     3
 Stab: Sleeping          |     1 |     1 |     3 ||     5
Armor: Animal skin       |    25 |    12 |       ||    37
       Ring mail         |       |    34 |   226 ||   260
Dodge: Dodged            |    51 |    69 |   243 ||   363
